[Event "14th Karen Asrian Memorial 2024"]
[Site "Yerevan"]
[Date "2024.05.02"]
[Round "9.7"]
[White "Sanikidze, Tornike"]
[Black "Hayrapetyan, Edgar"]
[Result "1-0"]
[ECO "A13"]
[WhiteElo "2453"]
[BlackElo "2340"]
[Annotator "TA"]
[PlyCount "81"]
[EventDate "2024.04.24"]
[EventType "swiss"]
[EventCountry "ARM"]
[SourceTitle "playchess.com"]
[Source "ChessBase"]
[SourceQuality "1"]
[TimeControl "40/5400+30:1800+30"]

1. Nf3 Nf6 2. c4 e6 3. g3 d5 4. Bg2 d4 5. O-O c5 6. e3 Nc6 7. exd4 cxd4 8. d3 Bd6 9. Na3 O-O 10. Nc2 e5 {[%emt 0:02:24] The position is equal.} 11. Bg5 (11. b4 $1 $11) 11... h6 $15 12. Bxf6 Qxf6 13. Nd2 Qg6 14. Re1 a5 (14... Qxd3 $2 15. Be4 $18) 15. Ne4 Be7 16. Na3 Bb4 17. Rf1 {[%emt 0:03:07] White is weak on the dark squares} f5 18. Nd2 e4 19. dxe4 {[%emt 0:01:26] [#]} f4 $1 20. Nb5 (20. Nc2 $142) 20... Bxd2 $2 (20... fxg3 $17 21. hxg3 Bg4) 21. Qxd2 $11 f3 22. Bh1 Bh3 (22... Qxe4 23. Rfe1 Qg4 24. Rad1 $16) 23. Rfe1 Rad8 24. e5 Be6 (24... h5 $1 $11) 25. c5 ({Better is} 25. b3 $14) 25... d3 26. Re3 Qg4 (26... Rd5 $1 $14) 27. Nd6 $1 $18 Nd4 (27... Nb4 $16 {was necessary.}) 28. Qxd3 {[%emt 0:00:10] And now h3 would win.} Ne2+ {[%emt 0:00:32] [#]} 29. Rxe2 $1 fxe2 30. Re1 Qb4 31. Qxe2 (31. Qc3 $18) 31... Rd7 $16 (31... Qxc5 32. Nxb7 Qd4 33. Nxd8 (33. Nxa5 Qd2 $11) 33... Rxd8 34. Bf3 $18) 32. Rc1 {[%emt 0:10:43] a3 is the strong threat.} Qd4 $2 ({Black should try} 32... Bxa2 $14 33. f4 Re7) 33. Bxb7 $18 (33. Nxb7 Rdf7 34. Rd1 (34. Nxa5 Rxf2) 34... Rxf2 35. Rxd4 Rxe2 $17) 33... Re7 34. Nb5 Qb4 35. a3 Qb3 36. Be4 Bg4 (36... Bh3 $142 37. f4 Bg4) 37. Qxg4 {[%emt 0:01:51][%cal Og4g6] Black must now prevent Qg6!} Qxb2 38. Rb1 ({And not} 38. Bd5+ Kh8 39. Qd1 Rxe5 $11) 38... Qxf2+ 39. Kh1 g5 $2 (39... Rxe5 40. Qg6 Rxe4 41. Qxe4 Qxc5) 40. Qh5 Qa2 41. Nc3 {[%emt 0:02:17] Weighted Error Value: White=0.38/Black=0.59.  Loses game:     	---       	Black=1      Mistake:       	White=4     	Black=6      Inaccurate:     	White=3     	Black=2      OK:         	White=13    	Black=12     Best:        	White=3     	Black=3      Strong:       	White=1     	Black=1      Brilliant:      	White=1     	---} 1-0

[Event "14th Karen Asrian Memorial 2024"]
[Site "Yerevan"]
[Date "2024.05.02"]
[Round "9.8"]
[White "Shahinyan, David"]
[Black "Dilanyan, Grigor"]
[Result "1/2-1/2"]
[ECO "B23"]
[WhiteElo "2441"]
[BlackElo "2174"]
[Annotator "TA"]
[PlyCount "109"]
[EventDate "2024.04.24"]
[EventType "swiss"]
[EventCountry "ARM"]
[SourceTitle "playchess.com"]
[Source "ChessBase"]
[SourceQuality "1"]
[TimeControl "40/5400+30:1800+30"]

1. e4 c5 2. Nc3 a6 3. g3 b5 4. Bg2 Bb7 5. d3 g6 6. Nh3 Bg7 7. O-O b4 8. Nd5 {[%emt 0:06:31] White is slightly better.} e6 9. Ne3 Ne7 10. f4 f5 11. e5 Bxg2 12. Kxg2 d5 13. exd6 Qxd6 14. Nc4 (14. Ng5 $14) 14... Qd5+ 15. Qf3 h6 {[%emt 0:06:35] Prevents Ng5.} 16. Be3 Qxf3+ 17. Rxf3 Nd7 18. Re1 {[%emt 0:03:38] Bg1 would now be deadly.} Nd5 19. Rf2 a5 20. Rfe2 (20. Bd2 {looks sharper.} Kf7 21. Rfe2 Ra6 22. a4) 20... Ra6 21. Ng1 Ke7 22. Nf3 Rc8 23. Bd2 (23. a4 {simplifies} N7b6 24. Nxb6 Rxb6 25. b3) 23... a4 24. h4 Rcc6 25. h5 gxh5 26. Nfe5 Nxe5 27. fxe5 Nb6 28. Nxb6 Raxb6 29. b3 Ra6 30. Rh1 axb3 31. axb3 Kf7 32. Rxh5 Ra2 33. Be1 ({But not} 33. Bxh6 Kg6 34. Bxg7 Kxh5 $15) 33... Rc8 {[%emt 0:03:02] The position is equal.} 34. Bf2 Rd8 35. Bxc5 Rxd3 36. Bxb4 Rxb3 37. Rh4 Rab2 38. Be1 Rb7 39. Rc4 {[%emt 0:02:27] Against Rc7} R2b5 40. Bc3 Bf8 41. Bd4 Rb4 42. Rxb4 Rxb4 $11 {[%emt 0:00:03][%mdl 4096] Endgame. KRB-KRB} 43. c3 Rb7 44. Ra2 Rc7 45. Ra5 h5 46. Kf3 Bh6 47. Ra2 Kg6 48. Ra6 Kf7 49. Ra2 Rc6 50. Ra7+ Kg6 51. Ra2 Bg5 52. Ra8 Bd2 53. Ra2 Bh6 54. Ra8 Bd2 55. Ra2 {[%emt 0:00:03] Weighted Error Value: White=0.09 (flawless) /Black=0.06 (flawless) .  Mistake:       	White=1     	---        Inaccurate:     	White=4     	Black=4      OK:         	White=22    	Black=21} 1/2-1/2